 Dungeon Crawl Stone Soup version 0.26-a0-958-gf3041fb45f (webtiles) character file.

Game seed: 6345413954479902434

233 KristoblXynda the Slasher (level 5, -5/41 HPs)
             Began as a Demonspawn Gladiator on Nov 30, 2020.
             Slain by Sigmund
             ... wielding a +0 scythe of distortion
              (18 damage)
             ... while paralysed by Grinder
             ... on level 4 of the Dungeon.
             The game lasted 00:03:57 (3193 turns).

KristoblXynda the Slasher (Demonspawn Gladiator)    Turns: 3193, Time: 00:03:58

Health: -5/41      AC:  9    Str: 14    XL:     5   Next: 74%
Magic:  5/5        EV:  2    Int: 11    God:
Gold:   288        SH:  0    Dex: 14    Spells: 4/4 levels left

rFire    . . .     SeeInvis .   r - +4 short sword (flame)
rCold    . . .     Faith    .   (no shield)
rNeg     . . .     Spirit   .   A - +0 scale mail
rPois    .         Reflect  +   c - +0 helmet
rElec    .         Harm     .   (no cloak)
rCorr    .         Rampage  .   s - +0 pair of gloves
MR       .....                  y - +0 pair of boots
Stlth    ..........             x - amulet of reflection
HPRegen  0.13/turn              (no ring)
MPRegen  0.09/turn              (no ring)

@: paralysed, lethally poisoned (-5 -> -12)
A: spiny 1
a: no special abilities


You were on level 4 of the Dungeon.
You visited 1 branch of the dungeon, and saw 4 of its levels.

You collected 288 gold pieces.

Inventory:

Hand Weapons
 a - a +0 long sword
 r - a +4 short sword of flaming (weapon)
Missiles
 d - 3 throwing nets (quivered)
Armour
 c - a +0 helmet (worn)
 s - a +0 pair of gloves (worn)
 y - a +0 pair of boots (worn)
 A - a +0 scale mail (worn)
Jewellery
 x - an amulet of reflection (around neck)
Scrolls
 b - a scroll of noise {unknown}
 e - a scroll of teleportation
 h - 3 scrolls of remove curse
 k - 2 scrolls of enchant weapon
 n - a scroll of magic mapping {unknown}
 q - a scroll of immolation {unknown}
 v - a scroll of blinking {unknown}
 w - a scroll of amnesia
Potions
 f - 2 potions of mutation
 g - a potion of attraction {unknown}
 j - a potion of heal wounds {unknown}
 l - a potion of berserk rage {unknown}
 o - a potion of invisibility {unknown}
 p - 2 potions of lignification
 t - a potion of brilliance {unknown}
 u - 2 potions of curing {unknown}
 z - a potion of flight {unknown}


   Skills:
 - Level 3.4 Fighting
 * Level 4.4 Long Blades
 - Level 2.1 Throwing
 + Level 0.0 Armour
 + Level 3.7 Dodging


You had 4 spell levels left.
You didn't know any spells.
Your spell library was empty.

Dungeon Overview and Level Annotations

Branches:
Dungeon (4/15)
 Temple: D:4-7

Altars:
Xom
Beogh

Annotations:
D:4 Grinder, Sigmund


Innate Abilities, Weirdness & Mutations

You are partially covered in sharp spines.


Message History

Sigmund is severely wounded.
Sigmund closely misses you.
You hit Sigmund. You burn Sigmund.
Sigmund is severely wounded.
You hit Sigmund. You burn Sigmund.
Sigmund is almost dead.
Sigmund hits you with a +0 scythe of distortion.
You blink.
Grinder gestures at you.
You suddenly lose the ability to move!
The scorpion stings you. Sigmund completely misses you.
The scorpion stings you.
You are poisoned.
The scorpion poisons you!
You feel sick.
Sigmund hits you from afar with a +0 scythe of distortion!
You blink.
You feel sick. Sigmund hits you but does no damage.
Space warps horribly around you!!
You die...

#....#####.......
#...## #####...
#...# ###.... #..##
###...... #..#
##........ #.##
###......... ##.#
##...........
#..###............
###@###.............
##..s#
##............
##...@#
#............
#.....#
##.........##
#..5..# ##.....####
#.......# #.#####
#..........# ###
#..........#
##..........#


You could see Grinder, Sigmund and a scorpion.

Vanquished Creatures
  An orc priest (D:3)
  An orc wizard (D:3)
  A worker ant (D:4)
  Robin (D:2)
  4 adders
  An adder skeleton (D:4)
  4 worms
  A dart slug (D:1)
  3 leopard geckos
  3 orcs
  A ball python (D:1)
  3 giant cockroaches
  9 goblins
  13 hobgoblins
  7 jackals
  A quokka (D:3)
  9 bats
  2 frilled lizards
  8 kobolds
  8 rats
81 creatures vanquished.

Notes
Turn   | Place    | Note
-------+----------+-------------------------------------------
     0 | D:1      | KristoblXynda the Demonspawn Gladiator began the quest for
                  | the Orb.
     0 | D:1      | Reached XP level 1. HP: 16/16 MP: 1/1
   142 | D:1      | Gained mutation: You are partially covered in sharp spines.
                  | [demonic ancestry]
   142 | D:1      | Reached XP level 2. HP: 22/22 MP: 2/2
   293 | D:1      | Found a shimmering altar of Xom.
   356 | D:1      | Reached skill level 3 in Long Blades
   648 | D:1      | Reached XP level 3. HP: 23/28 MP: 3/3
  1455 | D:2      | Noticed Robin
  1458 | D:2      | Reached XP level 4. HP: 34/34 MP: 4/4
  1464 | D:2      | Killed Robin
  2038 | D:3      | Found a roughly hewn altar of Beogh.
  2048 | D:3      | Reached skill level 4 in Long Blades
  2048 | D:3      | Reached XP level 5. HP: 26/41 MP: 5/5
  3181 | D:4      | Noticed Sigmund
  3184 | D:4      | Noticed Grinder
  3190 | D:4      | Paralysed by Grinder for 5 turns
  3193 | D:4      | Slain by Sigmund

Illustrated notes

Levels and vault maps discovered:
D:1:      minmay_arrival_wavy_path, layout_basic, xom_teletrap_fun
D:2:      layout_basic, uniq_robin
D:3:      minmay_inner_zag, layout_basic, kennysheep_orc_chapel
D:4:      layout_cave_pods, uniq_grinder, uniq_sigmund

Skill      XL: |  1  2  3  4 |
---------------+-------------+-----
Throwing       | 2 |  2.1
Long Blades    | 3 4 |  4.4
Dodging        | 3 |  3.7
Fighting       | 3 |  3.4

Action                   |  1- 3 |  4- 6 || total
-------------------------+-------+-------++-------
Melee: Long sword        |    80 |     6 ||    86
       Short sword       |       |    64 ||    64
  Use: Scroll            |       |     6 ||     6
Armor: Leather armour    |    11 |       ||    11
       Ring mail         |    13 |    24 ||    37
       Scale mail        |       |     2 ||     2
Dodge: Dodged            |    58 |    52 ||   110
       Rpst.: Long sword |    23 |     1 ||    24

Table legend: (Time is in decaauts)
 A = Elapsed time spent in this place.
 B = Non-inter-level travel time spent in this place.
 C = Inter-level travel time spent in this place.
 D = Time resting spent in this place.
 E = Time spent auto-exploring this place.
 F = Levels seen in this place.
 G = Mean time per level.
                   A        B        C        D        E       F      G
               +--------+--------+--------+--------+--------+-----+--------+
         Total |   3212 |   2945 |    267 |    335 |   1995 |   4 |  803.0 |
       Dungeon |   3212 |   2945 |    267 |    335 |   1995 |   4 |  803.0 |
               +--------+--------+--------+--------+--------+-----+--------+

Top non-repeatable levels by time:
     D:3: 1205 daAuts
     D:1: 1015 daAuts
     D:2: 632 daAuts
     D:4: 359 daAuts
